 Dungeon Crawl Stone Soup version 0.21-a0-260-g9b2435e (webtiles) character file.

480 tidbits the Grave Robber (level 6, -16/55 HPs)
             Began as a Draconian Necromancer on Sept 7, 2017.
             Was an Initiate of Cheibriados.
             Demolished by a mummy (18 damage)
             ... in an ossuary.
             The game lasted 00:15:49 (1998 turns).

tidbits the Grave Robber (Draconian Necromancer)    Turns: 1998, Time: 00:15:50

Health: -16/55     AC:  6    Str: 11    XL:     6   Next: 86%
Magic:  19/19      EV: 12    Int: 18    God:    Cheibriados [......]
Gold:   155        SH:  0    Dex: 13    Spells: 3/11 levels left

rFire    . . .     SeeInvis +   x - +0 great sword
rCold    . . .     Gourm    .   (shield currently unavailable)
rNeg     . . .     Faith    .   (armour unavailable)
rPois    .         Spirit   .   (helmet restricted)
rElec    .         Reflect  .   (no cloak)
rCorr    .         Harm     .   (no gloves)
MR       .....                  (no boots)
Stlth    ++........             (no amulet)
HPRegen  0.18/turn              i - ring of see invisible
MPRegen  0.16/turn              m - ring of magical power

@: very slow
A: unfitting armour, cold-blooded, AC +6
a: Bend Time, Renounce Religion


You were in an ossuary.
You worshipped Cheibriados.
Cheibriados was noncommittal.
You were not hungry.

You visited 2 branches of the dungeon, and saw 6 of its levels.
You also visited: Ossuary.

You collected 155 gold pieces.

Inventory:

Hand Weapons
 b - a +0 shortbow
 c - a +0 mace
 d - a +1 dagger
 h - a +0 hunting sling
 j - a +0 whip
 w - a +0 scimitar
 x - a +0 great sword (weapon)
Missiles
 A - 8 arrows
Jewellery
 i - a ring of see invisible (left hand)
   (You found it on level 1 of the Dungeon)
 m - a ring of magical power (right hand)
   (You found it on level 1 of the Dungeon)
 n - an uncursed ring of positive energy
   (You found it on level 1 of the Dungeon)
Scrolls
 e - 2 scrolls of enchant armour
 f - a scroll of blinking {unknown}
 g - a scroll of fog {unknown}
 l - a scroll of identify {unknown}
 q - a scroll of magic mapping {unknown}
 r - a scroll of remove curse
 s - a scroll of noise {unknown}
 u - a scroll of amnesia {unknown}
 v - a scroll of enchant weapon
Books
 a - a book of Necromancy

   Spells                             Type                      Level
   a - Pain                           Necromancy                   1
   b - Animate Skeleton               Necromancy                   1
   c - Vampiric Draining              Necromancy                   3
   d - Regeneration                   Charms/Necromancy            3
   e - Animate Dead                   Necromancy                   4
   f - Control Undead                 Necromancy                   4
 t - a book of Minor Magic
   (You found it on level 4 of the Dungeon)

   Spells                             Type                      Level
   a - Magic Dart                     Conjuration                  1
   b - Blink                          Translocation                2
   c - Call Imp                       Summoning                    2
   d - Slow                           Hexes                        2
   e - Conjure Flame                  Conjuration/Fire             3
   f - Mephitic Cloud                 Conjuration/Poison/Air       3
Comestibles
 k - 3 royal jellies
 y - 2 bread rations


   Skills:
 + Level 4.9 Fighting
 - Level 1.7 Dodging
 - Level 1.7 Stealth
 - Level 3.3 Spellcasting
 - Level 6.1 Necromancy


You had 3 spell levels left.
You knew the following spells:

 Your Spells              Type           Power        Failure   Level  Hunger
n - Animate Skeleton      Necr           N/A          1%          1    None
r - Regeneration          Chrm/Necr      ##........   14%         3    ###....
v - Vampiric Draining     Necr           ###.......   3%          3    ###....
z - Pain                  Necr           ###.         1%          1    None


Dungeon Overview and Level Annotations

Branches:
Dungeon (5/15)             Temple (1/1) D:4

Altars:
Ashenzari
Cheibriados
Dithmenos
Fedhas
Gozag
Ru
Uskayaw
Wu Jian


Innate Abilities, Weirdness & Mutations

Your plain brown scales are hard. (AC +6)
You cannot fit into any form of body armour.
You are cold-blooded and may be slowed by cold attacks.


Message History

You shoot an arrow. The arrow hits the hobgoblin zombie.
The hobgoblin zombie is heavily damaged.
Firing (i - inventory):
A - 10 arrows (quivered)
Press: ? - help, Shift-Dir - straight line, f/p - hobgoblin zombie
Aim: a hobgoblin zombie (heavily damaged)
You shoot an arrow. The arrow hits the hobgoblin zombie.
The hobgoblin zombie is severely damaged.
Wield which item (- for none, * to show all)? (? for menu, Esc to quit)
x - a +0 great sword (weapon)
You slash the hobgoblin zombie!
You destroy the hobgoblin zombie!
Cheibriados appreciates the change of pace.
You see here an arrow.
You hit the orc zombie.
The orc zombie is moderately damaged.
The orc zombie hits you.
You barely miss the orc zombie.
Your tail-slap misses the orc zombie.
The orc zombie is moderately damaged.
The orc zombie barely misses you.
You riposte.
You barely miss the orc zombie.
The orc zombie is moderately damaged.
You hit the orc zombie.
You destroy the orc zombie!
Cheibriados appreciates the change of pace.
A - 13 arrows (gained 4)
A - 14 arrows (gained 1) 2 mummies come into view.
You see here 2 arrows.
You see here an arrow.
You see here 2 arrows.
Wield which item (- for none, * to show all)? (? for menu, Esc to quit)
b - a +0 shortbow (weapon)
Firing (i - inventory):
A - 14 arrows (quivered)
Press: ? - help, Shift-Dir - straight line, f - mummy
Aim: a mummy You shoot an arrow.
The arrow hits the mummy.
The mummy is moderately damaged.
Firing (i - inventory):
A - 13 arrows (quivered)
Press: ? - help, Shift-Dir - straight line, f/p - mummy
Aim: a mummy (moderately damaged)
You shoot an arrow.
The arrow hits the mummy but does no damage.
The mummy is moderately damaged.
Firing (i - inventory):
A - 12 arrows (quivered)
Press: ? - help, Shift-Dir - straight line, f/p - mummy
Aim: a mummy (moderately damaged)
You shoot an arrow.
The arrow hits the mummy but does no damage.
The mummy is moderately damaged.
Firing (i - inventory):
A - 11 arrows (quivered)
Press: ? - help, Shift-Dir - straight line, f/p - mummy
Aim: a mummy (moderately damaged)
You shoot an arrow. The arrow barely misses the mummy.
Firing (i - inventory):
A - 10 arrows (quivered)
Press: ? - help, Shift-Dir - straight line, f/p - mummy
Aim: a mummy (moderately damaged)
You shoot an arrow. The arrow hits the mummy.
The mummy is heavily damaged.
Firing (i - inventory):
A - 9 arrows (quivered)
Press: ? - help, Shift-Dir - straight line, f/p - mummy
Aim: a mummy (heavily damaged)
You shoot an arrow. The arrow barely misses the mummy.
Wield which item (- for none, * to show all)? (? for menu, Esc to quit)
x - a +0 great sword (weapon)
You hit the mummy.
The mummy is almost destroyed.
The mummy hits you but does no damage. The mummy misses you.
You barely miss the mummy.
The mummy is almost destroyed.
The mummy hits you! The mummy completely misses you.
You barely miss the mummy.
The mummy is almost destroyed.
The mummy hits you!
* * * LOW HITPOINT WARNING * * *
The mummy hits you!
* * * LOW HITPOINT WARNING * * *
Unknown command.
You hit the mummy.
The mummy is almost destroyed.
The mummy closely misses you. The mummy misses you.
It was a potion of flight.
You feel very buoyant.
You fly up into the air.
The mummy completely misses you. The mummy hits you!
* * * LOW HITPOINT WARNING * * *
It was a potion of cancellation.
Your magical effects are unravelling.
You feel magically purged.
You float gracefully downwards.
You slash the mummy!
You destroy the mummy!
The mummy closely misses you.
You hit the mummy but do no damage. The mummy hits you.
* * * LOW HITPOINT WARNING * * *
You aren't carrying any potions.
Unknown command.
You aren't carrying any items that you can evoke.
Unknown command.
You closely miss the mummy. The mummy misses you.
You slash the mummy!
The mummy is moderately damaged.
The mummy hits you!!
You die...

#(...#
#..(.#
#..(.#
#..(.#
#....#
#..(.#
#..(.#
#...M#
#.∩∩@#
######


You could see a mummy.

Vanquished Creatures
  A sky beast (D:5)
  A centaur (D:5)
  A howler monkey (D:4)
  2 crimson imps (D:5)
  A hound (D:5)
  A bullfrog skeleton (D:4)
  3 mummies (Ossuary)
  A gnoll (D:2)
  2 adders (D:2)
  2 oozes
  2 dart slugs (D:2)
  3 leopard geckos
  A ball python (D:1)
  8 bats
  A giant cockroach (D:2)
  3 gnoll zombies (Ossuary)
  5 goblins
  6 hobgoblins
  2 jackals (D:3)
  2 quokkas (D:3)
  6 frilled lizards
  A hobgoblin zombie (Ossuary)
  8 kobolds
  A kobold zombie (Ossuary)
  3 orc zombies (Ossuary)
  4 rats
71 creatures vanquished.

Vanquished Creatures (collateral kills)
  An ooze (D:1)
  A bat (D:1)
  2 hobgoblins (D:2)
  A quokka (D:4)
  2 frilled lizards (D:4)
  A kobold (D:1)
8 creatures vanquished.

Grand Total: 79 creatures vanquished

Notes
Turn   | Place    | Note
-------+----------+-------------------------------------------
     0 | D:1      | tidbits the Draconian Necromancer began the quest for the Orb.
     0 | D:1      | Reached XP level 1. HP: 14/14 MP: 3/3
    67 | D:1      | Learned a level 1 spell: Animate Skeleton
   109 | D:1      | Reached XP level 2. HP: 14/20 MP: 0/5
   247 | D:1      | Reached XP level 3. HP: 15/26 MP: 2/6
   294 | D:2      | Learned a level 3 spell: Vampiric Draining
   517 | D:2      | Reached skill level 5 in Necromancy
   576 | D:2      | Reached XP level 4. HP: 23/33 MP: 3/8
   703 | D:4      | Found a blossoming altar of Fedhas.
   804 | D:4      | Learned a level 3 spell: Regeneration
   807 | D:4      | Found an ornate altar of the Wu Jian Council.
  1022 | D:3      | Found a shattered altar of Ashenzari.
  1286 | D:4      | Reached skill level 3 in Spellcasting
  1291 | D:4      | Found a staircase to the Ecumenical Temple.
  1297 | D:4      | Reached XP level 5. HP: 34/38 MP: 3/9
  1313 | Temple   | Entered the Ecumenical Temple
  1358 | Temple   | Became a worshipper of Cheibriados the Contemplative
  1446 | D:5      | Entered Level 5 of the Dungeon
  1603 | D:5      | Reached skill level 6 in Necromancy
  1647 | D:5      | Found a shadowy altar of Dithmenos.
  1715 | D:5      | Reached skill level 1 in Fighting
  1727 | D:5      | Noticed a sky beast
  1728 | D:5      | Noticed a centaur
  1728 | D:5      | Noticed a centaur
  1803 | D:5      | Reached skill level 2 in Fighting
  1815 | D:5      | Noticed a centaur
  1823 | D:5      | Killed a centaur
  1823 | D:5      | Reached skill level 3 in Fighting
  1823 | D:5      | Reached XP level 6. HP: 25/51 MP: 6/10
  1875 | D:5      | Noticed a sky beast
  1883 | D:5      | Killed a sky beast
  1883 | D:5      | Reached skill level 4 in Fighting
  1885 | D:5      | Found a sand-covered staircase.
  1890 | Ossuary  | Entered an ossuary
  1993 | Ossuary  | HP: 5/55 [mummy (8)]
  1996 | Ossuary  | HP: 1/55 [mummy (4)]
  1998 | Ossuary  | Demolished by a mummy

Vault maps used:
D:1:      roderic_crossed_star
D:2:      minmay_door_path
D:3:      lemuel_doored_altar, trog_butcher_becter
D:4:      nicolae_overflow_hidden_temple, lemuel_round_altar,
          minmay_temple_entry_glass, serial_shops, shop, first_bread,
          minmay_hedge_maze, lemuel_blue_sif_altar
D:5:      grunt_dithmenos_smoke_and_mirrors, amethyst_overflow_temple_binary,
          nicolae_ossuary_entry_false_entrances, st_stairs_6
Temple:   minmay_temple_forest_path
Ossuary:  ossuary_tomb_3

Skill      XL: |  1  2  3  4  5  6 |
---------------+-------------------+-----
Necromancy     | 5 6 |  6.1
Spellcasting   | 3 |  3.3
Fighting       | 3 4 |  4.9
Dodging        | |  1.7
Stealth        | |  1.7

Action                   |  1- 3 |  4- 6 || total
-------------------------+-------+-------++-------
Melee: Mace              |     4 |       ||     4
       Dagger            |    16 |     3 ||    19
       Whip              |    43 |    94 ||   137
       Tailslap          |    11 |     8 ||    19
       Great sword       |       |    36 ||    36
 Fire: Shortbow          |       |    29 ||    29
 Cast: Pain              |    26 |    16 ||    42
       Animate Skeleton  |     7 |     2 ||     9
       Vampiric Draining |     6 |    13 ||    19
       Regeneration      |       |     2 ||     2
  Use: Scroll            |       |     3 ||     3
       Potion            |       |     2 ||     2
 Stab: Sleeping          |     1 |       ||     1
  Eat: Chunk             |       |     6 ||     6
       Bread ration      |       |     1 ||     1
Armor: Skin              |    31 |    53 ||    84
Dodge: Dodged            |    50 |    92 ||   142
       Rpst.: Great sword |       |     7 ||     7

Table legend:
 A = Spawn XP
 B = Non-spawn XP
 C = Spawn XP percentage of total XP
 D = Spawn monster count
 E = Non-spawn monster count
 F = Spawn count percentage of total count
 G = Total turns spent on level
                    A         B        C        D         E        F      G
               +---------+---------+-------+---------+---------+-------+---------
         Total |       0 |     686 |   0.0 |       0 |      79 |   0.0 |  1998
               +---------+---------+-------+---------+---------+-------+---------
           D:1 |       0 |      50 |   0.0 |       0 |      26 |   0.0 |   313
           D:2 |       0 |      72 |   0.0 |       0 |      22 |   0.0 |   441
           D:3 |       0 |      21 |   0.0 |       0 |       9 |   0.0 |   415
           D:4 |       0 |      93 |   0.0 |       0 |       5 |   0.0 |   189
           D:5 |       0 |     386 |   0.0 |       0 |       6 |   0.0 |   444
       Ossuary |       0 |      64 |   0.0 |       0 |      11 |   0.0 |   108
               +---------+---------+-------+---------+---------+-------+---------

Table legend:
 A = Turns spent in this place as a percentage of turns spent in the entire game.
 B = Non-inter-level travel turns spent in this place as a percentage of non-inter-level travel turns spent in the entire game.
 C = Inter-level travel turns spent in this place as a percentage of turns spent in this place.
 D = Turns resting spent in this place as a percentage of non-inter-level travel turns spent in this place.
 E = Turns spent auto-exploring this place as a percentage of non-inter-level travel turns spent in this place.
 F = Non-inter-level travel turns spent in this place divided by the number of levels of this place that you've seen.
                   A       B       C       D       E      F
               +-------+-------+-------+-------+-------+----------------------
         Total | 100.0 | 100.0 |   7.9 |   0.0 |   0.0 | 263.0
       Dungeon |  90.2 |  91.6 |   6.4 |   0.0 |   0.0 | 337.2
        Temple |   4.4 |   2.6 |  46.6 |   0.0 |   0.0 |  47.0
       Ossuary |   5.4 |   5.9 |   0.0 |   0.0 |   0.0 | 108.0
               +-------+-------+-------+-------+-------+----------------------

Table legend:
 A = Kills in this place as a percentage of kills in entire the game.
 B = Kills by you in this place as a percentage of kills by you in the entire game.
 C = Kills by friends in this place as a percentage of kills by friends in the entire game.
 D = Other kills in this place as a percentage of other kills in the entire game.
 E = Experience gained in this place as a percentage of experience gained in the entire game.
 F = Experience gained in this place divided by the number of levels of this place that you have seen.
                   A       B       C       D       E      F
               +-------+-------+-------+-------+-------+----------------------
         Total | 100.0 | 100.0 | 100.0 |   N/A | 100.0 |  98.0
       Dungeon |  86.1 |  84.5 | 100.0 |   N/A |  90.7 | 124.4
       Ossuary |  13.9 |  15.5 |   0.0 |   N/A |   9.3 |  64.0
               +-------+-------+-------+-------+-------+----------------------

Vault maps used:
D:1:      roderic_crossed_star
D:2:      minmay_door_path
D:3:      lemuel_doored_altar, trog_butcher_becter
D:4:      nicolae_overflow_hidden_temple, lemuel_round_altar,
          minmay_temple_entry_glass, serial_shops, shop, first_bread,
          minmay_hedge_maze, lemuel_blue_sif_altar
D:5:      grunt_dithmenos_smoke_and_mirrors, amethyst_overflow_temple_binary,
          nicolae_ossuary_entry_false_entrances, st_stairs_6
Temple:   minmay_temple_forest_path
Ossuary:  ossuary_tomb_3
